 Dungeon Crawl Stone Soup version 0.28-a0-1087-gf3fc490d9d (webtiles) character file.

Game seed: 10993835675578137193

135 mainiacjoe the Firebug (level 5, 0/38 HPs)
             Began as a Hill Orc Fire Elementalist on Dec 10, 2021.
             Slain by a killer bee (3 damage)
             ... on level 4 of the Dungeon.
             The game lasted 00:06:53 (3353 turns).

mainiacjoe the Firebug (Hill Orc Fire Elementalist) Turns: 3353, Time: 00:06:53

Health: 0/38       AC:  2    Str: 11    XL:     5   Next: 18%
Magic:  8/8        EV: 12    Int: 17    God:
Gold:   166        SH:  0    Dex: 11    Spells: 2/8 levels left

rFire   . . .      SeeInvis .   b - +0 hunting sling
rCold   . . .      Faith    .   (no shield)
rNeg    . . .      Spirit   .   f - +0 robe
rPois   .          Reflect  .   (no helmet)
rElec   .          Harm     .   (no cloak)
rCorr   .          Rampage  .   (no gloves)
Will    .....                   (no boots)
Stlth   +.........              (no amulet)
HPRegen 0.12/turn               (no ring)
MPRegen 0.11/turn               (no ring)

@: confused, lethally poisoned (0 -> -20), ambrosia-drunk
A: no striking features
a: no special abilities


You were on level 4 of the Dungeon.
You visited 1 branch of the dungeon, and saw 5 of its levels.

You collected 166 gold pieces.

Inventory:

Hand Weapons
 a - a +0 short sword
 b - a +0 hunting sling (weapon)
Missiles
 d - 118 stones (quivered ammo)
 g - 17 bolts
 h - 13 arrows
 l - 2 silver boomerangs
Armour
 f - a +0 robe (worn)
Wands
 j - a wand of paralysis (5)
Scrolls
 c - a scroll of fog
 i - 2 scrolls of teleportation
Potions
 e - a potion of might {unknown}


   Skills:
 - Level 1.9 Dodging
 - Level 2.0 Stealth
 * Level 2.4 Spellcasting
 * Level 2.6 Conjurations
 * Level 4.3 Fire Magic


You had 2 spell levels left.
You knew the following spells:

 Your Spells              Type           Power      Damage    Failure   Level
a - Foxfire               Conj/Fire      52%        2x1d6     4%          1
b - Scorch                Fire           32%        2d6       4%          2
c - Conjure Flame         Conj/Fire      13%        6-21      13%         3

Your spell library contained the following spells:

 Spells                   Type           Power      Damage    Failure   Level
 Magic Dart               Conj           44%        1d5       6%          1
 Call Imp                 Summ           2%         N/A       28%         2
 Inner Flame              Hex/Fire       9%         N/A       22%         3
 Mephitic Cloud           Conj/Pois/Air  5%         N/A       36%         3
 Flame Wave               Conj/Fire      13%        2d5       41%         4
 Summon Guardian Golem    Hex/Summ       2%         N/A       50%         3
 Leda's Liquefaction      Hex/Erth       1%         N/A       88%         4
 Lee's Rapid Deconstruct  Erth           1%         3d5*      99%         5
 Statue Form              Tmut/Erth      1%         N/A       100%        6
 Orb of Destruction       Conj           5%         9d2       100%        7
 Spellforged Servitor     Conj/Summ      3%         N/A       100%        7


Dungeon Overview and Level Annotations

Branches:
Dungeon (5/15)
 Temple: D:4-7

Altars:
Dithmenos

Shops:
D:3 :


Message History

Casting: Foxfire (safe; 4% risk of failure)
Confirm with . or Enter, or press ? or * to list all spells.
You conjure some foxfire!
You feel sick.
The foxfire hits the killer bee.
The killer bee is severely wounded.
The foxfire hits the killer bee.
The killer bee is severely wounded.
The killer bee misses you. The killer bee stings you.
The foxfire hits the killer bee.
The killer bee is almost dead.
The killer bee stings you.
You are more poisoned.
The killer bee poisons you! The killer bee stings you.
Unknown command.
Casting: Foxfire (safe; 4% risk of failure)
Confirm with . or Enter, or press ? or * to list all spells.
You conjure some foxfire!
You feel sick.
The foxfire hits the killer bee.
You kill the killer bee!
The killer bee stings you.
* * * LOW HITPOINT WARNING * * *
You are more poisoned.
The killer bee poisons you!
You have reached level 5!
You feel stronger.
You are confused.
You feel invigorated.
* * * LOW HITPOINT WARNING * * *
You feel very sick.
The foxfire hits the killer bee.
The killer bee is lightly wounded.
The killer bee stings you.
* * * LOW HITPOINT WARNING * * *
You are more poisoned.
The killer bee poisons you!
The foxfire hits the killer bee.
The killer bee is moderately wounded.
The killer bee barely misses you. The killer bee closely misses you.
The killer bee stings you but does no damage.
* * * LOW HITPOINT WARNING * * *
You feel very sick. The killer bee stings you.
You die...

#..#+###+#
#..#.....# .#
+..+.._..+ .+
#..#.....#..#
#..#'###+#y.#
#..#.....#y.
+##'##'##'##+
#.....#§yy..#
#.....#§@...#
###'##+##+####
#####..##........
#.......#......#
#.....)..>.....+
#.......##.....#
#.......# ######
#.......#
#.......#


You could see 4 killer bees.

Vanquished Creatures
  A killer bee (D:4)
  2 adders (D:2)
  3 worms
  3 dart slugs
  4 orcs (D:3)
  5 endoplasms
  7 goblins
  5 hobgoblins
  2 quokkas
  10 ball pythons
  4 bats
  3 frilled lizards
  4 kobolds
  2 rats (D:2)
55 creatures vanquished.

Vanquished Creatures (others)
  88 foxfires
88 creatures vanquished.

Grand Total: 143 creatures vanquished

Notes
Turn   | Place    | Note
-------+----------+-------------------------------------------
     0 | D:1      | mainiacjoe the Hill Orc Fire Elementalist began the quest
                  | for the Orb.
     0 | D:1      | Reached XP level 1. HP: 14/14 MP: 3/3
   182 | D:1      | Reached XP level 2. HP: 20/20 MP: 1/4
   185 | D:1      | Learned a level 2 spell: Scorch
   223 | D:1      | Found a faded altar of an unknown god.
   812 | D:2      | Reached XP level 3. HP: 26/26 MP: 5/5
  1561 | D:2      | Reached XP level 4. HP: 33/33 MP: 7/7
  1565 | D:2      | Learned a level 3 spell: Conjure Flame
  2491 | D:3      | Found Pisoblits's Book Boutique.
  2588 | D:3      | Reached skill level 4 in Fire Magic
  3051 | D:4      | Noticed an ogre
  3089 | D:5      | Entered Level 5 of the Dungeon
  3335 | D:4      | Found a shadowy altar of Dithmenos.
  3352 | D:4      | Reached XP level 5. HP: 7/38 MP: 2/8
  3353 | D:4      | Slain by a killer bee

Illustrated notes

Levels and vault maps discovered:
D:1:      minmay_arrival_pointy, layout_rooms,
          shapermc_ecumenical_altar_mp_highgroup
D:2:      layout_basic, serial_rivers, chequers_serial_rivers_micro_c,
          chequers_serial_rivers_micro_e, chequers_serial_rivers_micro_a,
          chequers_serial_rivers_small_b, kennysheep_generic_room_10
D:3:      layout_loops_ring, serial_shops, shop_statue
D:4:      corexii_shantytown, layout_basic, mainiacjoe_overflow_24_doors
D:5:      layout_rooms, nicolae_stop_n_shop_2, minmay_tree_intersection,
          uniq_edmund

Skill      XL: |  1  2  3  4 |
---------------+-------------+-----
Stealth        | 2 |  2.0
Spellcasting   | 2 |  2.4
Conjurations   | 2 |  2.6
Fire Magic     | 4 |  4.3
Dodging        | |  1.9

Action                   |  1- 3 |  4- 6 || total
-------------------------+-------+-------++-------
 Fire: Hunting sling     |    31 |    28 ||    59
Throw: Boomerang         |       |     2 ||     2
 Cast: Foxfire           |    30 |    22 ||    52
       Scorch            |     4 |     9 ||    13
  Use: Scroll            |     1 |     2 ||     3
       Potion            |       |     1 ||     1
Armor: Robe              |     2 |     1 ||     3
Dodge: Dodged            |     6 |    18 ||    24

Table legend: (Time is in decaauts)
 A = Elapsed time spent in this place.
 B = Non-inter-level travel time spent in this place.
 C = Inter-level travel time spent in this place.
 D = Time resting spent in this place.
 E = Time spent auto-exploring this place.
 F = Levels seen in this place.
 G = Mean time per level.
                   A        B        C        D        E       F      G
               +--------+--------+--------+--------+--------+-----+--------+
         Total |   3363 |   3270 |     93 |    328 |   2501 |   5 |  672.6 |
       Dungeon |   3363 |   3270 |     93 |    328 |   2501 |   5 |  672.6 |
               +--------+--------+--------+--------+--------+-----+--------+

Top non-repeatable levels by time:
     D:2: 1278 daAuts
     D:3: 938 daAuts
     D:1: 725 daAuts
     D:4: 407 daAuts
     D:5: 13 daAuts
